 Dungeon Sprint DCSS version 0.27.1 (webtiles) character file.

Game seed: 6422439872082576246

96 styxcanada the Covert (level 4, -10/23 HPs)
             Began as a Spriggan Brigand on Sept 1, 2021.
             Was an Initiate of Gozag.
             Killed from afar by an oklob sapling priest (11 damage)
             ... with a splash of acid
             ... in the Dungeon (Sprint IV: "Fedhas' Mad Dash").
             The game lasted 00:01:21 (224 turns).

styxcanada the Covert (Spriggan Brigand)             Turns: 224, Time: 00:01:21

Health: -10/23     AC: -1    Str:  7    XL:     4   Next: 41%
Magic:  4/5        EV: 18    Int: 12    God:    Gozag
Gold:   42         SH:  0    Dex: 17    Spells: 3/3 levels left

rFire    . . .     SeeInvis +   a - +2 dagger
rCold    . . .     Faith    .   (shield restricted)
rNeg     . . .     Spirit   .   b - +0 robe
rPois    .         Reflect  .   (helmet restricted)
rElec    .         Harm     .   c - +0 cloak
rCorr    .         Rampage  .   (gloves unavailable)
Will     .....     NoTele   +   (boots unavailable)
Stlth    +++++.....             l - amulet of invisibility {+Inv}
HPRegen  0.07/turn              (no ring)
MPRegen  0.09/turn              (no ring)

@: corroded, very slightly contaminated, invisible (expiring), very quick
A: very small, no large weapons, unfitting armour, see invisible, speed 3
a: Renounce Religion, Evoke Invisibility, Potion Petition, Call Merchant, Bribe
Branch


You were in the Dungeon.
You worshipped Gozag.
Gozag was noncommittal.
You visited 1 branch You collected 42 gold pieces.

Inventory:

Hand Weapons
 a - a +2 dagger (weapon)
Missiles
 d - 8 poisoned darts
 e - a curare-tipped dart (quivered)
 m - 20 stones
Armour
 b - a +0 robe (worn)
 c - a +0 cloak (worn)
Jewellery
 l - the amulet of invisibility (around neck) {+Inv}
   (You found it in the Dungeon)

   [amulet of nothing]

   +Inv:      It lets you turn invisible.
Scrolls
 k - a scroll of blinking
Potions
 f - a potion of curing
 g - a potion of heal wounds
 h - a potion of haste
 i - 2 potions of magic
 j - a potion of berserk rage


   Skills:
 * Level 2.9 Fighting
 + Level 3.2 Short Blades
 + Level 3.3 Throwing
 * Level 4.1 Dodging
 * Level 11.7 Stealth


You had 3 spell levels left.
You didn't know any spells.
Your spell library was empty.

Dungeon Overview and Level Annotations

Branches:
Dungeon (1/1)

Altars:
Cheibriados
Dithmenos
Elyvilon
Gozag
Hepliaklqana
Kikubaaqudgha
Makhleb
Nemelex Xobeh
Okawaru
Qazlal
Ru
Sif Muna
Trog
Uskayaw
Vehumet
Wu Jian
Xom
Yredelemnul
Zin
The Shining One
Beogh
Jiyva
Lugonu

Annotations:
D exclusion: oklob sapling


Innate Abilities, Weirdness & Mutations

You are very small and have problems with some larger weapons.
You are too small for most types of armour.
You have supernaturally acute eyesight. (SInv)
You cover ground extremely quickly. (Speed+++)


Message History

Found three altars.
There is an opulent altar of Gozag here.
You kneel at the altar of Gozag.
Gozag welcomes you!
Gozag waives the service fee.
Found a corrupted altar of Lugonu and a radiant altar of Vehumet.
There is a hazy altar of Hepliaklqana here.
You hit the oklob sapling priest but do no damage.
You hit the oklob sapling priest.
The oklob sapling priest is lightly damaged.
You hit the oklob sapling priest but do no damage.
The oklob sapling priest is lightly damaged.
The oklob sapling priest spits acid at you.
The splash of acid misses you.
You hit the oklob sapling priest but do no damage.
The oklob sapling priest is lightly damaged.
The oklob sapling priest spits acid at you.
The splash of acid misses you.
You hit the oklob sapling priest but do no damage.
The oklob sapling priest is lightly damaged.
You hit the oklob sapling priest but do no damage.
The oklob sapling priest is lightly damaged.
You flicker for a moment.
You hit the oklob sapling priest but do no damage.
The oklob sapling priest is lightly damaged.
You hit the oklob sapling priest but do no damage.
The oklob sapling priest is lightly damaged.
The oklob sapling priest spits acid at you.
The splash of acid hits you! The acid corrodes you!
You are splashed with acid!
Ouch! That really hurt!
* * * LOW HITPOINT WARNING * * *
There is a viscous altar of Jiyva here.
You hit the oklob sapling priest but do no damage.
The oklob sapling priest is lightly damaged.
You hit the oklob sapling priest but do no damage.
The oklob sapling priest is lightly damaged.
The oklob sapling priest spits acid at you.
The splash of acid hits you!
You die...
Your body crumbles into a pile of gold.

########################
..†#.....#.⌠._._._._.⌠.#
$
...'.#(..'.._._.@._._..+
$ $
...#.#...#..._._P_._...#
#######+##.._._._._._..#
$ #._._._._._.⌠.# $
$############### $ $$ $


You could see an oklob sapling priest.

Vanquished Creatures
  A scorpion (D)
  An oklob sapling (D)
  A river rat (D)
  A rat (D)
4 creatures vanquished.

Vanquished Creatures (others)
  A fungus (D)
1 creature vanquished.

Grand Total: 5 creatures vanquished

Notes
Turn   | Place    | Note
-------+----------+-------------------------------------------
     0 | D        | styxcanada the Spriggan Brigand began the quest for the
                  | Orb.
     0 | D        | Reached XP level 1. HP: 10/10 MP: 2/2
    17 | D        | Reached skill level 7 in Stealth
    17 | D        | Reached XP level 2. HP: 8/15 MP: 3/3
   166 | D        | Noticed an oklob sapling
   168 | D        | Killed an oklob sapling
   169 | D        | Reached skill level 9 in Stealth
   169 | D        | Reached XP level 3. HP: 19/19 MP: 4/4
   170 | D        | Noticed a scorpion
   170 | D        | Found the amulet of invisibility {+Inv}
   176 | D        | Killed a scorpion
   177 | D        | Reached skill level 11 in Stealth
   177 | D        | Reached XP level 4. HP: 23/23 MP: 5/5
   205 | D        | Found an opulent altar of Gozag.
   205 | D        | Found a hazy altar of Hepliaklqana.
   205 | D        | Found a burning altar of Makhleb.
   205 | D        | Found a sparkling altar of Nemelex Xobeh.
   205 | D        | Found a snail-covered altar of Cheibriados.
   205 | D        | Found a sacrificial altar of Ru.
   205 | D        | Found a shimmering blue altar of Sif Muna.
   205 | D        | Found a shimmering altar of Xom.
   205 | D        | Found a basalt altar of Yredelemnul.
   206 | D        | Found a viscous altar of Jiyva.
   206 | D        | Found a bloodstained altar of Trog.
   206 | D        | Found an ornate altar of the Wu Jian Council.
   207 | D        | Found an iron altar of Okawaru.
   207 | D        | Found a shadowy altar of Dithmenos.
   207 | D        | Found a glowing silver altar of Zin.
   208 | D        | Found an ancient bone altar of Kikubaaqudgha.
   208 | D        | Found a hide-covered altar of Uskayaw.
   209 | D        | Found a stormy altar of Qazlal.
   209 | D        | Found a white marble altar of Elyvilon.
   209 | D        | Found a glowing golden altar of the Shining One.
   210 | D        | Became a worshipper of Gozag Ym Sagoz the Greedy
   211 | D        | Found a corrupted altar of Lugonu.
   211 | D        | Found a radiant altar of Vehumet.
   222 | D        | HP: 1/23 [acid (14)]
   224 | D        | Killed from afar by an oklob sapling priest

Illustrated notes

Levels and vault maps discovered:
D:        dungeon_sprint_fedhas [sprint_temple]

Skill      XL: |  1  2  3 |
---------------+----------+-----
Dodging        | 2 3 4 |  4.1
Stealth        | 7 9 11 | 11.7
Fighting       | 2 |  2.9
Short Blades   | 3 |  3.2
Throwing       | 3 |  3.3

Action                   |  1- 3 |  4- 6 || total
-------------------------+-------+-------++-------
Melee: Dagger            |     3 |    10 ||    13
Throw: Dart              |    12 |       ||    12
 Abil: Evoke Invisibilit |       |     1 ||     1
 Stab: Sleeping          |     1 |       ||     1
Armor: Robe              |     2 |       ||     2
Dodge: Dodged            |     5 |     2 ||     7
